 Dungeon Crawl Stone Soup version 0.31-a0-654-gbe3e110b4e (webtiles) character file.

Game seed: 7263622991497863161

1373 cforsyth the Charlatan (level 8, -4/61 HPs)
             Began as a Gnoll Artificer on Aug 29, 2023.
             Killed from afar by a steam dragon (9 damage)
             ... with a ball of steam
             ... on level 6 of the Dungeon.
             The game lasted 00:09:16 (5322 turns).

cforsyth the Charlatan (Gnoll Artificer)            Turns: 5322, Time: 00:09:17

Health: -4/61      AC: 21    Str: 12    XL:     8   Next: 66%
Magic:  13/13      EV: 12    Int: 13    God:
Gold:   303        SH:  0    Dex: 18    Spells: 14/14 levels left

rFire   . . .        n - +0 short sword (protect)
rCold   + . .        (no shield)
rNeg    . . .        y - +2 ring mail {rC+}
rPois   .            j - +0 helmet
rElec   .            (no cloak)
rCorr   .            x - +0 pair of gloves
SInv    .            (no boots)
Will    .....        (no amulet)
Stlth   ++           g - +6 ring of dexterity
HPRegen 0.30/turn    q - +4 ring of protection
MPRegen 0.13/turn

%: no passive effects
@: under a protective aura
A: fangs 1, strong nose, distributed training
a: no special abilities


You were on level 6 of the Dungeon.
You visited 2 branches of the dungeon, and saw 8 of its levels.

You collected 303 gold pieces.

Inventory:

Hand Weapons
 a - a +0 club
 n - a +0 short sword of protection (weapon)
Armour
 b - a +0 leather armour
 j - a +0 helmet (worn)
 x - a +0 pair of gloves (worn)
 y - a +2 ring mail of cold resistance (worn)
Jewellery
 c - a ring of poison resistance
 g - a +6 ring of dexterity (left hand)
 k - a ring of wizardry
 q - a +4 ring of protection (right hand)
 w - a ring of fire
 C - an amulet of guardian spirit
 I - a ring of positive energy
Wands
 d - a wand of charming (15)
 e - a wand of iceblast (2)
 E - a wand of paralysis (6)
Scrolls
 f - 2 scrolls of revelation {unknown}
 h - 7 scrolls of identify {unknown}
 l - a scroll of acquirement {unknown}
 m - 3 scrolls of fear {unknown}
 o - 2 scrolls of teleportation {unknown}
 r - a scroll of blinking {unknown}
 s - a scroll of butterflies {unknown}
 A - a scroll of vulnerability {unknown}
 B - 2 scrolls of enchant weapon {unknown}
 H - a scroll of fog {unknown}
 K - 3 scrolls of torment {unknown}
Potions
 i - 2 potions of enlightenment {unknown}
 p - a potion of brilliance {unknown}
 t - a potion of resistance {unknown}
 u - a potion of degeneration {unknown}
 v - a potion of invisibility {unknown}
 z - 2 potions of ambrosia {unknown}
 D - a potion of berserk rage {unknown}
 F - a potion of lignification {unknown}
 G - a potion of cancellation {unknown}
 J - a potion of haste {unknown}


   Skills:
 + Level 4.4 Fighting
 + Level 3.5 Short Blades
 + Level 3.5 Long Blades
 + Level 3.5 Axes
 + Level 3.5 Maces & Flails
 + Level 3.5 Polearms
 + Level 3.5 Staves
 + Level 3.5 Ranged Weapons
 + Level 3.5 Throwing
 + Level 5.8 Armour
 + Level 4.4 Dodging
 + Level 4.3 Stealth
 + Level 3.5 Shields
 + Level 3.5 Unarmed Combat
 + Level 3.5 Spellcasting
 + Level 2.9 Conjurations
 + Level 2.9 Hexes
 + Level 2.9 Summonings
 + Level 2.9 Necromancy
 + Level 2.9 Translocations
 + Level 2.9 Transmutations
 + Level 2.9 Fire Magic
 + Level 2.9 Ice Magic
 + Level 2.9 Air Magic
 + Level 2.9 Earth Magic
 + Level 2.9 Poison Magic
 + Level 3.9 Invocations
 + Level 7.5 Evocations
 + Level 3.2 Shapeshifting


You had 14 spell levels left.
You didn't know any spells.
Your spell library contained the following spells:

 Spells                   Type           Power      Damage    Failure   Level
 Shock                    Conj/Air       36%        1d5       14%         1
 Frozen Ramparts          Ice            18%        1d3       38%         3
 Swiftness                Air            9%         N/A       38%         3
 Volatile Blastmotes      Fire/Tloc      18%        2d11      38%         3
 Airstrike                Air            4%         2d(1-17)  80%         4
 Fulminant Prism          Conj/Hex       4%         3d5       80%         4
 Iskenderun's Mystic Bla  Conj/Tloc      9%         2d4       80%         4
 Petrify                  Tmut/Erth      9%         N/A       80%         4
 Metabolic Englaciation   Hex/Ice        4%         N/A       98%         5
 Summon Forest            Summ/Tloc      4%         N/A       98%         5
 Eringya's Noxious Bog    Tmut/Pois      4%         4d6       100%        6
 Summon Hydra             Summ           4%         N/A       100%        7


Dungeon Overview and Level Annotations

Branches:
Dungeon (7/15)             Temple (1/1) D:6

Altars:
Ashenzari
Cheibriados
Elyvilon
Fedhas
Gozag
Kikubaaqudgha
Nemelex Xobeh
Qazlal
Ru
Sif Muna
Uskayaw
Vehumet
Wu Jian
Xom
Yredelemnul
Zin
The Shining One

Shops:
D:5 [   D:7 *

Annotations:
D:7 Dowan, Duvessa, Joseph


Innate Abilities, Weirdness & Mutations

You have very sharp teeth.
Your uncanny sense of smell can sniff out nearby items.
Your experience applies equally to all skills.


Message History

You barely miss the steam dragon.
The steam dragon is almost dead.
You are engulfed in a cloud of scalding steam.
The steam dragon closely misses you. The steam dragon barely misses you.
You are too injured to fight recklessly!
You are too injured to fight recklessly!
You are too injured to fight recklessly!
You are too injured to fight recklessly!
You are too injured to fight recklessly!
You are too injured to fight recklessly!
You are too injured to fight recklessly!
You are too injured to fight recklessly!
You hit the steam dragon. Your bite misses the steam dragon.
The steam dragon is almost dead.
You closely miss the steam dragon.
The steam dragon is almost dead.
The steam dragon bites you but does no damage.
The steam dragon barely misses you.
You hit the steam dragon but do no damage.
The steam dragon is almost dead.
The steam dragon misses you.
The steam dragon claws you but does no damage.
You barely miss the steam dragon.
The steam dragon is almost dead.
The steam dragon breathes steam at you. The ball of steam hits you!
* * * LOW HITPOINT WARNING * * *
You barely miss the steam dragon.
The steam dragon is almost dead.
You are engulfed in a cloud of scalding steam.
The steam dragon bites you.
* * * LOW HITPOINT WARNING * * *
The steam dragon closely misses you.
You barely miss the steam dragon.
The steam dragon is almost dead.
You are engulfed in a cloud of scalding steam.
* * * LOW HITPOINT WARNING * * *
The steam dragon breathes steam at you. The ball of steam hits you!
You die...

.......(......#...#
..............#...#
#.....#...........#
#.....#.........###
#....##...)......##
...#####..........##
....##..........§§§#
.......#.###....D>§#
..##.###.##.....@§§#
.....###..#........#
.#.............#.###
...#...#.##....###
...#...###.....#
.###..## ##...##
..#..### #..##
.......## ##.#
........# ###


You could see a steam dragon (catching breath).

Vanquished Creatures
  Edmund (D:4)
  2 water moccasins (D:5)
  4 ice beasts (D:6)
  An ogre (D:5)
  2 scorpions (D:6)
  3 hounds
  An iron imp (D:5)
  3 orc wizards
  3 iguanas
  12 adders
  An ufetubus (D:4)
  A worm (D:2)
  3 dart slugs
  7 orcs
  4 endoplasms
  6 giant cockroaches
  9 goblins
  3 hobgoblins
  6 kobolds
  2 quokkas
  7 ball pythons
  5 bats
  9 frilled lizards
  2 goblin skeletons (D:5)
  A goblin zombie (D:5)
  A hobgoblin zombie (D:5)
  4 kobold skeletons (D:5)
  2 kobold zombies (D:5)
  6 rats
111 creatures vanquished.

Notes
Turn   | Place    | Note
-------+----------+-------------------------------------------
     0 | D:1      | cforsyth the Gnoll Artificer began the quest for the Orb.
     0 | D:1      | Reached XP level 1. HP: 17/17 MP: 1/1
   197 | D:1      | Reached XP level 2. HP: 20/23 MP: 2/2
   522 | D:1      | Found a faded altar of an unknown god.
   784 | D:2      | Reached XP level 3. HP: 28/28 MP: 3/3
   953 | D:2      | Reached skill level 1 in Invocations
  1044 | D:2      | Reached skill level 1 in Short Blades
  1044 | D:2      | Reached skill level 1 in Long Blades
  1044 | D:2      | Reached skill level 1 in Axes
  1044 | D:2      | Reached skill level 1 in Maces & Flails
  1044 | D:2      | Reached skill level 1 in Polearms
  1044 | D:2      | Reached skill level 1 in Staves
  1044 | D:2      | Reached skill level 1 in Ranged Weapons
  1044 | D:2      | Reached skill level 1 in Throwing
  1044 | D:2      | Reached skill level 1 in Shields
  1044 | D:2      | Reached skill level 1 in Unarmed Combat
  1044 | D:2      | Reached skill level 1 in Spellcasting
  1285 | D:2      | Reached XP level 4. HP: 32/34 MP: 5/5
  1312 | D:2      | Reached skill level 1 in Shapeshifting
  1562 | D:3      | Reached skill level 1 in Conjurations
  1562 | D:3      | Reached skill level 1 in Hexes
  1562 | D:3      | Reached skill level 1 in Summonings
  1562 | D:3      | Reached skill level 1 in Necromancy
  1562 | D:3      | Reached skill level 1 in Translocations
  1562 | D:3      | Reached skill level 1 in Transmutations
  1562 | D:3      | Reached skill level 1 in Fire Magic
  1562 | D:3      | Reached skill level 1 in Ice Magic
  1562 | D:3      | Reached skill level 1 in Air Magic
  1562 | D:3      | Reached skill level 1 in Earth Magic
  1562 | D:3      | Reached skill level 1 in Poison Magic
  1691 | D:3      | Reached XP level 5. HP: 35/40 MP: 6/6
  2462 | D:4      | Noticed Edmund
  2735 | D:4      | Killed Edmund
  2736 | D:4      | Reached skill level 5 in Armour
  2736 | D:4      | Reached XP level 6. HP: 12/47 MP: 7/9
  3513 | D:5      | Entered Level 5 of the Dungeon
  3553 | D:5      | Noticed a water moccasin
  3580 | D:5      | Killed a water moccasin
  3581 | D:5      | Reached skill level 7 in Evocations
  3581 | D:5      | Reached XP level 7. HP: 52/52 MP: 10/10
  3759 | D:5      | Found a glowing golden altar of the Shining One.
  3845 | D:5      | Found Zusk's Antique Armour Shop.
  4226 | D:5      | Reached XP level 8. HP: 30/60 MP: 12/12
  4839 | D:6      | Found a staircase to the Ecumenical Temple.
  5094 | D:6      | Found a broken altar of Ashenzari.
  5094 | D:6      | Found a white marble altar of Elyvilon.
  5094 | D:6      | Found a snail-covered altar of Cheibriados.
  5094 | D:6      | Found a shimmering blue altar of Sif Muna.
  5142 | Temple   | Entered the Ecumenical Temple
  5249 | D:7      | Noticed Duvessa
  5249 | D:7      | Noticed Dowan
  5289 | D:7      | Noticed Joseph
  5289 | D:7      | Found Jiupa's Assorted Antiques.
  5322 | D:6      | Killed from afar by a steam dragon

Illustrated notes

Levels and vault maps discovered:
D:1:      amcnicky_arrival_flooded_fountain, layout_basic,
          hellmonk_ecumenical_altar_defaced_shrine, due_unseen_surprise
D:2:      layout_basic, chequers_serial_rivers_marsh
D:3:      layout_rooms
D:4:      layout_loops_cross, dreamdust_wishing_well, eino_curves_01,
          kennysheep_nondescript, minmay_cut_off, uniq_edmund
D:5:      layout_gridville, nicolae_tso_besieged_by_evil, serial_shops, shop
D:6:      layout_cave_pools, chequers_temple_overflow_statue_of_worship,
          minmay_temple_entry_statues_pillars
D:7:      layout_layer_cave, serial_shops, nicolae_shop_statue_plus,
          uniq_joseph, uniq_jeremiah, uniq_duvessa
Temple:   hc_temple_tempest_star

Skill      XL: |  1  2  3  4  5  6  7  8 |
---------------+-------------------------+-----
Invocations    | 1 2 3 |  3.9
Short Blades   | 1 2 3 |  3.5
Long Blades    | 1 2 3 |  3.5
Axes           | 1 2 3 |  3.5
Maces & Flails | 1 2 3 |  3.5
Polearms       | 1 2 3 |  3.5
Staves         | 1 2 3 |  3.5
Ranged Weapons | 1 2 3 |  3.5
Throwing       | 1 2 3 |  3.5
Shields        | 1 2 3 |  3.5
Unarmed Combat | 1 2 3 |  3.5
Spellcasting   | 1 2 3 |  3.5
Shapeshifting  | 1 2 3 |  3.2
Conjurations   | 1 2 |  2.9
Hexes          | 1 2 |  2.9
Summonings     | 1 2 |  2.9
Necromancy     | 1 2 |  2.9
Translocations | 1 2 |  2.9
Transmutations | 1 2 |  2.9
Fire Magic     | 1 2 |  2.9
Ice Magic      | 1 2 |  2.9
Air Magic      | 1 2 |  2.9
Earth Magic    | 1 2 |  2.9
Poison Magic   | 1 2 |  2.9
Fighting       | 3 4 |  4.4
Dodging        | 3 4 |  4.4
Armour         | 5 |  5.8
Stealth        | 3 4 |  4.3
Evocations     | 7 |  7.5

Action                     |  1- 3 |  4- 6 |  7- 9 || total
---------------------------+-------+-------+-------++-------
  Melee: Club              |   143 |       |       ||   143
         Bite              |    19 |    22 |    53 ||    94
         Short sword       |    20 |   219 |   300 ||   539
         Punch             |       |     3 |    10 ||    13
  Evoke: Wand              |       |    17 |     1 ||    18
   Stab: Sleeping          |     5 |     4 |     6 ||    15
         Distracted        |       |     1 |     1 ||     2
 Armour: Leather armour    |    47 |    54 |       ||   101
         Ring mail         |       |    59 |   144 ||   203
  Dodge: Dodged            |   139 |   128 |   173 ||   440

Table legend: (Time is in decaauts)
 A = Elapsed time spent in this place.
 B = Non-inter-level travel time spent in this place.
 C = Inter-level travel time spent in this place.
 D = Time resting spent in this place.
 E = Time spent auto-exploring this place.
 F = Levels seen in this place.
 G = Mean time per level.
                   A        B        C        D        E       F      G
               +--------+--------+--------+--------+--------+-----+--------+
         Total |   5300 |   5105 |    195 |    563 |   3251 |   8 |  662.5 |
       Dungeon |   5298 |   5104 |    194 |    563 |   3251 |   7 |  756.9 |
        Temple |      1 |      1 |      0 |      0 |      0 |   1 |    1.0 |
               +--------+--------+--------+--------+--------+-----+--------+

Top non-repeatable levels by time:
     D:4: 1277 daAuts
     D:5: 969 daAuts
     D:6: 784 daAuts
     D:3: 782 daAuts
     D:1: 769 daAuts
     D:2: 705 daAuts
     D:7: 9 daAuts
  Temple: 1 daAuts
